 Dungeon Crawl Stone Soup version 0.17.0-24-gcfadda4 (webtiles) character file.

142 lucasterio the Magician (level 5, 0/28 HPs)
             Began as a Deep Elf Ice Elementalist on Nov 16, 2015.
             Slain by a giant frog skeleton (3 damage)
             ... on level 4 of the Dungeon.
             The game lasted 00:22:16 (4177 turns).

lucasterio the Magician (Deep Elf Ice Elementalist) Turns: 4177, Time: 00:22:17

Health: 0/28       AC:  8    Str:  5    XL:     5   Next: 4%
Magic:  11/14      EV: 13    Int: 21    God:
Gold:   113        SH:  0    Dex: 15    Spells: 3 memorised, 8 levels left

rFire  . . .     SeeInvis .     f - +0 dagger
rCold  . . .     Clarity  .     a - +0 robe
rNeg   . . .     SustAt   .     (no shield)
rPois  .         Gourm    .     (no helmet)
rElec  .         Spirit   .     (no cloak)
rCorr  .         Warding  .     (no gloves)
rMut   .         Stasis   .     (no boots)
MR     .....                    (no amulet)
Stlth  ++........               (no ring)
                                (no ring)

@: icy armour, about to teleport, not resistant to hostile enchantments,
unstealthy
A: no striking features
a: no special abilities


You were on level 4 of the Dungeon.
You were hungry.

You visited 2 branches of the dungeon, and saw 5 of its levels.

You collected 113 gold pieces.

Inventory:

Hand Weapons
 f - a +0 dagger (weapon)
 l - a +0 short sword
 m - a +0 hunting sling
 x - a +2 vampiric dagger
Armour
 a - a +0 robe (worn)
 i - a +1 helmet
Jewellery
 w - an uncursed ring of positive energy {unknown}
Wands
 r - a wand of confusion (11)
Scrolls
 e - a scroll of blinking {unknown}
 h - a scroll of enchant armour {unknown}
 k - 4 scrolls of identify {unknown}
 o - 2 scrolls of enchant weapon {unknown}
 q - a scroll of fear {unknown}
 s - a scroll of remove curse
 u - a scroll of random uselessness {unknown}
Potions
 n - a potion of curing {unknown}
 t - a potion of mutation {unknown}
 v - a potion of flight {unknown}
Books
 b - a book of Frost

   Spells                             Type                      Level
   a - Freeze                         Ice                          1
   b - Throw Frost                    Conjuration/Ice              2
   c - Ozocubu's Armour               Charms/Ice                   3
   d - Throw Icicle                   Conjuration/Ice              4
   e - Summon Ice Beast               Ice/Summoning                4
   f - Condensation Shield            Ice                          4
Comestibles
 c - 2 bread rations
 g - 2 meat rations
 p - 3 fruits


   Skills:
 - Level 2.4 Dodging
 - Level 2.4 Stealth
 + Level 5.1 Spellcasting
 * Level 2.7 Conjurations
 * Level 4.5 Ice Magic


You had 8 spell levels left.
You knew the following spells:

 Your Spells              Type           Power        Failure   Level  Hunger
a - Freeze                Ice            ###.         1%          1    None
b - Throw Frost           Conj/Ice       ###...       4%          2    None
c - Ozocubu's Armour      Chrm/Ice       ##......     14%         3    ##.....


Dungeon Overview and Level Annotations

Branches:
Dungeon (4/15)             Temple (1/1) D:4

Altars:
Elyvilon
Fedhas
Kikubaaqudgha
Makhleb
Okawaru
Ru
Trog
Xom
Yredelemnul
Zin


Message History

The giant frog skeleton barely misses you.
You hit the giant frog skeleton. The giant frog skeleton misses you.
You completely miss the giant frog skeleton.
The giant frog skeleton hits you.
You hit the giant frog skeleton.
The giant frog skeleton closely misses you.
The giant frog skeleton hits you.
* * * LOW HITPOINT WARNING * * *
You hit the giant frog skeleton. The giant frog skeleton hits you.
* * * LOW HITPOINT WARNING * * *
You hit the giant frog skeleton. The giant frog skeleton hits you.
* * * LOW HITPOINT WARNING * * *
The giant frog skeleton misses you.
Casting: Freeze
Confirm with . or Enter, or press ? or * to list all spells.
A film of ice covers your body! The giant frog skeleton misses you.
Read which item? (? for menu, Esc to quit)
As you read the scroll of teleportation, it crumbles to dust.
You feel strangely unstable. The giant frog skeleton hits you.
You die...

.....#........#
####......###.##
####.....#.....#
...............##
.........##.##..#
##....#..#...#..#
#...###.........#
.... #.[.._....###
.... #.........@.#
..#. #..#...#..Z.#
.. #..##.##......#
...............#
................#
..##...............
## ....##.....#....
.! #.....#.....
............


You could see a giant frog skeleton.

Vanquished Creatures
  3 adders (D:3)
  7 worms
  4 giant geckos
  2 orcs (D:3)
  5 ball pythons
  9 bats
  5 giant cockroaches
  5 goblins
  13 hobgoblins
  10 jackals
  5 kobolds
  4 quokkas (D:3)
  6 giant newts
  A jackal skeleton (D:4)
  6 rats
85 creatures vanquished.

Notes
Turn   | Place    | Note
--------------------------------------------------------------
     0 | D:1      | lucasterio the Deep Elf Ice Elementalist began the quest for the Orb.
     0 | D:1      | Reached XP level 1. HP: 10/10 MP: 6/6
   149 | D:1      | Reached XP level 2. HP: 7/15 MP: 1/8
   609 | D:1      | Reached skill level 4 in Spellcasting
   744 | D:1      | Reached XP level 3. HP: 19/19 MP: 8/10
   748 | D:1      | Learned a level 2 spell: Throw Frost
   752 | D:1      | Learned a level 3 spell: Ozocubu's Armour
  2155 | D:3      | Reached XP level 4. HP: 24/24 MP: 6/12
  2260 | D:3      | Noticed a moth of wrath
  2273 | D:3      | Found a bloodstained altar of Trog.
  2712 | D:3      | Reached skill level 5 in Spellcasting
  3383 | D:3      | Reached XP level 5. HP: 28/28 MP: 8/14
  3661 | D:4      | Found a staircase to the Ecumenical Temple.
  3670 | Temple   | Entered the Ecumenical Temple
  4153 | D:4      | Found an iron altar of Okawaru.
  4177 | D:4      | Slain by a giant frog skeleton

Action                   |  1- 3 |  4- 6 || total
-------------------------+-------+-------++-------
Melee: Club              |     2 |       ||     2
       Dagger            |       |    20 ||    20
 Cast: Freeze            |    67 |    60 ||   127
       Throw Frost       |    12 |    10 ||    22
       Ozocubu's Armour  |       |     1 ||     1
  Use: Scroll            |     2 |     1 ||     3
 Stab: Sleeping          |       |     2 ||     2
  Eat: Chunk             |     4 |     5 ||     9
